NEW JERSEY Devils vs CAROLINA Hurricanes

Created - 11 mars 2024 at 20:37

Goals
1 2 3 T
NEW JERSEY Devils 0 2 0 2
CAROLINA Hurricanes 2 3 1 6
Shots
1 2 3 T
NEW JERSEY Devils 3 6 8 17
CAROLINA Hurricanes 13 10 11 34

1st period

1. CAROLINA Hurricanes , Rasmus Ristolainen 1 (Derek Ryan 5, Noah Cates 4) at 2:15
2. CAROLINA Hurricanes , Blake Lizotte 5 (Devon Toews 28, Kris Letang 17) at 12:07

Penalties :
Ryan Graves (NJD) for Hooking (Minor) at 2:37, James van Riemsdyk (NJD) for High sticking (Minor) at 6:43, Evgeny Svechnikov (CAR) for Elbowing (Minor) at 8:47

2nd period

3. NEW JERSEY Devils , Oskar Lindblom 7 (Ryan Donato 13, Bowen Byram 16) at 1:32
4. NEW JERSEY Devils , Joel Armia 7 (Adam Boqvist 29, Oskar Lindblom 13) at 2:33 (PP)
5. CAROLINA Hurricanes , William Nylander 15 (Elias Pettersson 30, Mika Zibanejad 26) at 9:32
6. CAROLINA Hurricanes , Mika Zibanejad 24 (Brandon Montour 16, William Nylander 22) at 11:26
7. CAROLINA Hurricanes , Devon Toews 8 (Mika Zibanejad 27, Brady Tkachuk 15) at 13:26 (PP)

Penalties :
Filip Forsberg (CAR) for Holding (Minor) at 1:39, Jack Hughes (NJD) for Tripping (Minor) at 5:14, James van Riemsdyk (NJD) for Holding (Minor) at 13:04, Nazem Kadri (CAR) for Tripping (Minor) at 15:20, Kyle Okposo (NJD) for Holding (Minor) at 15:20, Mika Zibanejad (CAR) for Slashing (Minor) at 19:55

3rd period

8. CAROLINA Hurricanes , Derek Ryan 3 (Noah Cates 5, Adam Fox 49) at 9:32

Penalties :
Brady Tkachuk (CAR) for Slashing (Minor) at 4:38, J.T. Compher (NJD) for Cross-checking (Minor) at 4:38, Adam Fox (CAR) for Holding (Minor) at 18:10

Goalie Stats

Antti Raanta (NJD), 14 saves from 15 shots - (0,933), 26:34 minutes
Jake Allen (NJD), 14 saves from 19 shots - (0,737), L, 10-13-1, 33:26 minutes
Alexandar Georgiev (CAR), 15 saves from 17 shots - (0,882), W, 28-15-4, 60:00 minutes

Players Stats for NEW JERSEY Devils

Player Name              G  A  P  +/- PIM S  H  SB GA TA FO     MP     PP MP  PK MP  
------------------------------------------------------------------------------------
Adam Boqvist             0  1  1  -2  0   1  1  1  0  0  0/0    23:10   2:39   2:02 
Alexander Petrovic       0  0  0  -2  0   1  4  0  0  0  0/0    20:32   2:39   2:54 
Andreas Athanasiou       0  0  0  -1  0   2  3  0  0  0  0/2    18:18   2:48   0:22 
Bowen Byram              0  1  1  -2  0   1  2  2  0  0  0/0    25:48   3:52   2:34 
Chris Wideman            0  0  0   0  0   0  1  2  0  0  0/0    15:51   0:10   3:02 
Connor Brown             0  0  0   0  0   1  1  0  0  0  0/0     4:11   0:10   0:00 
Gabriel Landeskog        0  0  0   0  0   1  1  0  0  0  0/0     4:38   0:00   0:37 
J.T. Compher             0  0  0  -1  2   1  2  2  0  0  9/17   15:02   0:33   0:47 
Jack Hughes              0  0  0  -1  2   1  1  1  0  0  7/31   23:05   3:20   2:44 
Jake Bean                0  0  0  -2  0   1  0  0  0  0  0/0    12:39   0:10   0:00 
James van Riemsdyk       0  0  0  -1  4   0  2  0  0  0  1/3    20:46   3:53   1:07 
Joel Armia               1  0  1  -2  0   2  0  0  0  0  1/2    15:48   2:38   1:37 
Kyle Okposo              0  0  0  -1  2   0  2  0  0  0  0/1    23:17   3:53   3:35 
Miles Wood               0  0  0   0  0   1  0  0  0  0  4/5     4:01   0:00   0:00 
Oskar Lindblom           1  1  2  -2  0   3  1  0  0  0  3/9    16:35   2:48   1:49 
Ryan Donato              0  1  1  -2  0   1  2  0  0  0  3/12   10:17   0:00   0:00 
Ryan Graves              0  0  0   0  2   0  1  1  0  0  0/0    21:59   3:52   2:06 
Thomas Novak             0  0  0  -1  0   0  0  0  0  0  1/1    13:40   0:00   0:00 

Players Stats for CAROLINA Hurricanes

Player Name              G  A  P  +/- PIM S  H  SB GA TA FO     MP     PP MP  PK MP  
------------------------------------------------------------------------------------
Adam Fox                 0  1  1   2  2   0  1  4  0  0  0/0    27:03   3:29   2:49 
Blake Lizotte            1  0  1   1  0   1  2  0  0  0  5/11    9:41   0:00   0:00 
Brady Tkachuk            0  1  1  -1  2   3  3  0  0  0  0/1    15:31   2:59   0:00 
Brandon Montour          0  1  1   2  0   2  2  0  0  0  0/0    24:44   3:29   0:29 
David Perron             0  0  0   1  0   0  0  0  0  0  1/1     9:41   0:00   0:00 
Derek Ryan               1  1  2   2  0   1  0  0  0  0  4/6     8:13   0:00   1:32 
Devon Toews              1  1  2   1  0   2  1  4  0  0  0/0    21:51   2:50   3:37 
Elias Pettersson         0  1  1   2  0   4  2  1  0  0  5/6    22:25   2:52   3:57 
Evgeny Svechnikov        0  0  0   2  2   0  0  0  0  0  0/1     7:12   0:00   0:32 
Filip Forsberg           0  0  0   1  2   0  0  1  0  0  0/0    15:00   2:52   0:59 
Kris Letang              0  1  1   1  0   3  1  0  0  0  0/0    21:18   2:50   3:04 
Mika Zibanejad           1  2  3   2  2   6  1  0  0  0  23/34  22:57   3:27   2:55 
Nazem Kadri              0  0  0  -1  2   0  0  0  0  0  11/16  14:55   0:28   1:55 
Niko Mikkola             0  0  0   1  0   1  2  1  0  0  0/0    10:50   0:00   0:00 
Noah Cates               0  2  2   2  0   1  0  0  0  0  2/3     8:13   0:00   1:32 
Rasmus Ristolainen       1  0  1   1  0   1  0  2  0  0  0/0    14:13   0:00   3:23 
Travis Konecny           0  0  0  -1  0   3  2  0  0  0  1/2    15:25   2:52   0:00 
William Nylander         1  1  2   2  0   6  0  0  0  0  2/2    20:03   3:27   0:00 

3 Stars

1 - Mika Zibanejad (CAR)
2 - Devon Toews (CAR)
3 - William Nylander (CAR)

Power Play

NEW JERSEY Devils - 1 on 4 Attempt(s) - 25,00%
CAROLINA Hurricanes - 1 on 4 Attempt(s) - 25,00%

Penalty Kill

NEW JERSEY Devils - 3 on 4 Attempt(s) - 75,00% - Score 0 goal in Penalty Kill
CAROLINA Hurricanes - 3 on 4 Attempt(s) - 75,00% - Score 0 goal in Penalty Kill

Team Stat

NEW JERSEY Devils - Hits : 24 - Faceoff Wins : 29 - Blocked Shots : 9 - Penalty Minutes : 12
CAROLINA Hurricanes - Hits : 17 - Faceoff Wins : 54 - Blocked Shots : 13 - Penalty Minutes : 12

Official

Referees : Cody Beach and Peter MacDougall
Linesman : Kiel Murchison and Ryan Daisy

Game Notes

Antti Raanta enters game at 13:26 of 2nd period

Finance

Level 1 -- Attendance: 5092 (84,87%) -- Ticket Income $509,200
Level 2 -- Attendance: 3988 (79,76%) -- Ticket Income $239,280
Level 3 -- Attendance: 1829 (91,45%) -- Ticket Income $64,015
Level 4 -- Attendance: 4000 (100,00%) -- Ticket Income $80,000
Luxury Box -- Attendance: 864 (86,40%) -- Ticket Income $172,800
Game was played at the PNC Arena.
Total Attendance: 15773 (87,63%)
Total Ticket Income: $1,065,295
Other Income: $266,324
Total Income: $1,331,619

NEW JERSEY Devils

5 vs 5 Forward 
   Center                   Left Wing                Right Wing               Time % Phy DF OF 
 1 Jack Hughes              James van Riemsdyk       Kyle Okposo              40     1   2  2  
 2 J.T. Compher             Thomas Novak             Andreas Athanasiou       30     1   2  2  
 3 Ryan Donato              Oskar Lindblom           Joel Armia               20     1   2  2  
 4 Miles Wood               Gabriel Landeskog        Connor Brown             10     1   2  2  

5 vs 5 Defense 
   Defense                  Defense                                           Time % Phy DF OF 
 1 Adam Boqvist             Bowen Byram                                       40     2   2  1  
 2 Chris Wideman            Ryan Graves                                       30     2   2  1  
 3 Jake Bean                Alexander Petrovic                                20     2   2  1  
 4 Ryan Graves              Alexander Petrovic                                10     1   2  2  

PowerPlay Forward 
   Center                   Left Wing                Right Wing               Time % Phy DF OF 
 1 Jack Hughes              James van Riemsdyk       Kyle Okposo              60     1   2  2  
 2 Oskar Lindblom           Joel Armia               Andreas Athanasiou       40     1   2  2  

PowerPlay Defense
   Defense                  Defense                                           Time % Phy DF OF 
 1 Ryan Graves              Bowen Byram                                       60     1   2  2  
 2 Adam Boqvist             Alexander Petrovic                                40     1   2  2  

Penalty Kill 4 Players Forward 
   Center                   Wing                     Time % Phy DF OF 
 1 Jack Hughes              Kyle Okposo              60     1   2  2  
 2 Oskar Lindblom           James van Riemsdyk       40     1   2  2  

Penalty Kill 4 Players Defense
   Defense                  Defense                  Time % Phy DF OF 
 1 Ryan Graves              Bowen Byram              60     1   2  2  
 2 Adam Boqvist             Chris Wideman            40     1   2  2  

Penalty Kill - 3 Players Forward 
   Forward                                           Time % Phy DF OF 
 1 Jack Hughes                                       60     1   2  2  
 2 Kyle Okposo                                       40     1   2  2  

Penalty Kill - 3 Players Defense
   Defense                  Defense                  Time % Phy DF OF 
 1 Ryan Graves              Bowen Byram              60     1   2  2  
 2 Adam Boqvist             Chris Wideman            40     1   2  2  

4 vs 4 Forward 
   Center                   Wing                     Time % Phy DF OF 
 1 Jack Hughes              Kyle Okposo              60     1   2  2  
 2 Andreas Athanasiou       James van Riemsdyk       40     1   2  2  

4 vs 4 Defense
   Defense                  Defense                  Time % Phy DF OF 
 1 Ryan Graves              Bowen Byram              60     1   2  2  
 2 Adam Boqvist             Alexander Petrovic       40     1   2  2  

Last Minutes Offensive
   Center                   Left Wing                Right Wing               Defense                  Defense                  
   Jack Hughes              James van Riemsdyk       Kyle Okposo              Ryan Graves              Bowen Byram              

Last Minutes Defensive
   Center                   Left Wing                Right Wing               Defense                  Defense                  
   Jack Hughes              James van Riemsdyk       Kyle Okposo              Ryan Graves              Bowen Byram              

Goaltenders
Starting : Jake Allen               
Backup : Antti Raanta             

Extra Forwards
Normal : Jack Hughes, Oskar Lindblom, Joel Armia - PP : Kyle Okposo, Oskar Lindblom - PK : Joel Armia
Extra Defensemen
Normal : Chris Wideman, Alexander Petrovic, Adam Boqvist - PP : Chris Wideman - PK : Alexander Petrovic, Adam Boqvist
Penalty Shots
Jack Hughes, Kyle Okposo, Joel Armia, James van Riemsdyk, Oskar Lindblom

Scratches
Dustin Tokarski (Healthy)

CAROLINA Hurricanes

5 vs 5 Forward 
   Center                   Left Wing                Right Wing               Time % Phy DF OF 
 1 Mika Zibanejad           Elias Pettersson         William Nylander         40     1   2  2  
 2 Nazem Kadri              Brady Tkachuk            Travis Konecny           30     1   2  2  
 3 Blake Lizotte            Filip Forsberg           David Perron             20     1   2  2  
 4 Derek Ryan               Noah Cates               Evgeny Svechnikov        10     1   2  2  

5 vs 5 Defense 
   Defense                  Defense                                           Time % Phy DF OF 
 1 Adam Fox                 Brandon Montour                                   40     1   2  2  
 2 Kris Letang              Devon Toews                                       30     1   2  2  
 3 Rasmus Ristolainen       Niko Mikkola                                      20     1   2  2  
 4 Adam Fox                 Brandon Montour                                   10     1   2  2  

PowerPlay Forward 
   Center                   Left Wing                Right Wing               Time % Phy DF OF 
 1 Mika Zibanejad           Brady Tkachuk            William Nylander         60     1   2  2  
 2 Elias Pettersson         Filip Forsberg           Travis Konecny           40     1   2  2  

PowerPlay Defense
   Defense                  Defense                                           Time % Phy DF OF 
 1 Adam Fox                 Brandon Montour                                   60     1   2  2  
 2 Kris Letang              Devon Toews                                       40     1   2  2  

Penalty Kill 4 Players Forward 
   Center                   Wing                     Time % Phy DF OF 
 1 Mika Zibanejad           Elias Pettersson         60     1   2  2  
 2 Noah Cates               Derek Ryan               40     1   2  2  

Penalty Kill 4 Players Defense
   Defense                  Defense                  Time % Phy DF OF 
 1 Adam Fox                 Devon Toews              60     1   2  2  
 2 Kris Letang              Rasmus Ristolainen       40     1   2  2  

Penalty Kill - 3 Players Forward 
   Forward                                           Time % Phy DF OF 
 1 Mika Zibanejad                                    60     1   2  2  
 2 Elias Pettersson                                  40     1   2  2  

Penalty Kill - 3 Players Defense
   Defense                  Defense                  Time % Phy DF OF 
 1 Adam Fox                 Devon Toews              60     1   2  2  
 2 Kris Letang              Rasmus Ristolainen       40     1   2  2  

4 vs 4 Forward 
   Center                   Wing                     Time % Phy DF OF 
 1 Mika Zibanejad           William Nylander         60     1   2  2  
 2 Elias Pettersson         Filip Forsberg           40     1   2  2  

4 vs 4 Defense
   Defense                  Defense                  Time % Phy DF OF 
 1 Adam Fox                 Brandon Montour          60     1   2  2  
 2 Kris Letang              Devon Toews              40     1   2  2  

Last Minutes Offensive
   Center                   Left Wing                Right Wing               Defense                  Defense                  
   Mika Zibanejad           Brady Tkachuk            William Nylander         Adam Fox                 Brandon Montour          

Last Minutes Defensive
   Center                   Left Wing                Right Wing               Defense                  Defense                  
   Mika Zibanejad           Brady Tkachuk            William Nylander         Adam Fox                 Brandon Montour          

Goaltenders
Starting : Alexandar Georgiev       
Backup : Alex Lyon                

Extra Forwards
Normal : Nazem Kadri, David Perron, Travis Konecny - PP : Nazem Kadri, David Perron - PK : Nazem Kadri
Extra Defensemen
Normal : Devon Toews, Rasmus Ristolainen, Niko Mikkola - PP : Devon Toews - PK : Devon Toews, Rasmus Ristolainen
Penalty Shots
Mika Zibanejad, Elias Pettersson, William Nylander, Brady Tkachuk, Nazem Kadri

Scratches
None


% Time on Ice - NEW JERSEY Devils

Lines # - Real PCT - Wanted PCT - Time Play
Normal Forward
1 - 35% - 40% - 15:04
2 - 32% - 30% - 13:40
3 - 24% - 20% - 10:17
4 - 9% - 10% - 4:01
Normal Defense
1 - 40% - 40% - 17:11
2 - 28% - 30% - 12:10
3 - 29% - 20% - 12:29
4 - 3% - 10% - 1:12
PP Forward
1 - 58% - 60% - 3:53
2 - 42% - 40% - 2:48
PP Defense
1 - 60% - 60% - 4:02
2 - 40% - 40% - 2:39
PK Forward
1 - 71% - 60% - 4:30
2 - 29% - 40% - 1:49
PK Defense
1 - 56% - 60% - 3:31
2 - 44% - 40% - 2:48
PK3 Forward
1 - 0% - 60%
2 - 0% - 40%
PK3 Defense
1 - 0% - 60%
2 - 0% - 40%
44 Forward
1 - 82% - 60% - 3:14
2 - 18% - 40% - 0:44
44 Defense
1 - 67% - 60% - 2:40
2 - 33% - 40% - 1:18
Last Minute Offensive  - 0:00
Last Minute Defensive  - 0:00
Total
Forward - 60:00
Defense - 60:00

% Time on Ice - CAROLINA Hurricanes

Lines # - Real PCT - Wanted PCT - Time Play
Normal Forward
1 - 33% - 40% - 14:07
2 - 29% - 30% - 12:33
3 - 23% - 20% - 9:41
4 - 16% - 10% - 6:41
Normal Defense
1 - 42% - 40% - 18:17
2 - 31% - 30% - 13:33
3 - 25% - 20% - 10:50
4 - 1% - 10% - 0:22
PP Forward
1 - 55% - 60% - 3:27
2 - 45% - 40% - 2:52
PP Defense
1 - 55% - 60% - 3:29
2 - 45% - 40% - 2:50
PK Forward
1 - 77% - 60% - 5:09
2 - 23% - 40% - 1:32
PK Defense
1 - 54% - 60% - 3:37
2 - 46% - 40% - 3:04
PK3 Forward
1 - 0% - 60%
2 - 0% - 40%
PK3 Defense
1 - 0% - 60%
2 - 0% - 40%
44 Forward
1 - 63% - 60% - 2:29
2 - 37% - 40% - 1:29
44 Defense
1 - 53% - 60% - 2:07
2 - 47% - 40% - 1:51
Last Minute Offensive  - 0:00
Last Minute Defensive  - 0:00
Total
Forward - 60:00
Defense - 60:00

Play-by-Play

1st period


0:01 of 1st period - Mika Zibanejad wins face-off versus Jack Hughes in neutral zone.
1:17 of 1st period - Brady Tkachuk is hit by Kyle Okposo and loses puck.
1:58 of 1st period - Shot by J.T. Compher.
1:58 of 1st period - Stopped by Alexandar Georgiev without a rebound.
1:59 of 1st period - Derek Ryan wins face-off versus Ryan Donato in CAROLINA Hurricanes zone.
1:59 of 1st period - Derek Ryan is hit by Oskar Lindblom.
2:02 of 1st period - Noah Cates is hit by Ryan Donato and loses puck.
2:15 of 1st period - Shot by Rasmus Ristolainen.
2:15 of 1st period - Goal by Rasmus Ristolainen - NEW JERSEY Devils : 0 - CAROLINA Hurricanes : 1.
2:16 of 1st period - Blake Lizotte wins face-off versus Miles Wood in neutral zone.
2:16 of 1st period - Blake Lizotte is hit by Connor Brown.
2:21 of 1st period - Brandon Montour is hit by Gabriel Landeskog and loses puck.
2:37 of 1st period - Minor Penalty to Ryan Graves for Hooking.
2:38 of 1st period - Mika Zibanejad wins face-off versus Jack Hughes in NEW JERSEY Devils zone.
2:41 of 1st period - Shot by William Nylander.
2:41 of 1st period - Stopped by Jake Allen with a rebound.
2:57 of 1st period - Shot by Brady Tkachuk.
2:57 of 1st period - Stopped by Jake Allen without a rebound.
2:58 of 1st period - Elias Pettersson wins face-off versus Oskar Lindblom in NEW JERSEY Devils zone.
3:53 of 1st period - Off-side.
3:54 of 1st period - Mika Zibanejad wins face-off versus Oskar Lindblom in neutral zone.
4:16 of 1st period - Shot by Mika Zibanejad.
4:16 of 1st period - Stopped by Jake Allen with a rebound.
4:18 of 1st period - Shot by Kris Letang.
4:18 of 1st period - Stopped by Jake Allen without a rebound.
4:19 of 1st period - Jack Hughes wins face-off versus Mika Zibanejad in NEW JERSEY Devils zone.
4:19 of 1st period - Jack Hughes is hit by Brady Tkachuk.
4:52 of 1st period - Icing by J.T. Compher.
4:53 of 1st period - J.T. Compher wins face-off versus Blake Lizotte in NEW JERSEY Devils zone.
5:02 of 1st period - Shot by Andreas Athanasiou.
5:02 of 1st period - Deflect By J.T. Compher.
5:02 of 1st period - Shot Misses the Net.
5:04 of 1st period - Shot by Jake Bean.
5:04 of 1st period - Stopped by Alexandar Georgiev without a rebound.
5:05 of 1st period - William Nylander wins face-off versus Ryan Donato in CAROLINA Hurricanes zone.
5:22 of 1st period - Shot by Elias Pettersson.
5:22 of 1st period - Stopped by Jake Allen with a rebound.
5:24 of 1st period - Shot by William Nylander.
5:24 of 1st period - Stopped by Jake Allen without a rebound.
5:25 of 1st period - Nazem Kadri wins face-off versus J.T. Compher in NEW JERSEY Devils zone.
6:28 of 1st period - Shot by William Nylander.
6:28 of 1st period - Shot Blocked by Adam Boqvist.
6:43 of 1st period - Minor Penalty to James van Riemsdyk for High sticking.
6:44 of 1st period - Elias Pettersson wins face-off versus Jack Hughes in NEW JERSEY Devils zone.
8:34 of 1st period - Shot by Brandon Montour.
8:34 of 1st period - Shot Misses the Net.
8:36 of 1st period - Shot by Brandon Montour.
8:36 of 1st period - Shot Misses the Net.
8:47 of 1st period - Minor Penalty to Evgeny Svechnikov for Elbowing.
8:48 of 1st period - Mika Zibanejad wins face-off versus Oskar Lindblom in CAROLINA Hurricanes zone.
8:48 of 1st period - Mika Zibanejad is hit by Andreas Athanasiou.
10:02 of 1st period - Shot by Andreas Athanasiou.
10:02 of 1st period - Shot Misses the Net.
10:04 of 1st period - Shot by Andreas Athanasiou.
10:04 of 1st period - Stopped by Alexandar Georgiev without a rebound.
10:05 of 1st period - Noah Cates wins face-off versus J.T. Compher in CAROLINA Hurricanes zone.
10:05 of 1st period - Noah Cates is hit by J.T. Compher.
10:25 of 1st period - Shot by Bowen Byram.
10:25 of 1st period - Shot Blocked by Devon Toews.
10:27 of 1st period - Shot by Ryan Graves.
10:27 of 1st period - Shot Misses the Net.
10:29 of 1st period - Shot by Bowen Byram.
10:29 of 1st period - Shot Misses the Net.
10:31 of 1st period - Shot by J.T. Compher.
10:31 of 1st period - Shot Blocked by Adam Fox.
10:33 of 1st period - Shot by J.T. Compher.
10:33 of 1st period - Shot Blocked by Devon Toews.
10:42 of 1st period - Off-side.
10:43 of 1st period - Mika Zibanejad wins face-off versus Oskar Lindblom in neutral zone.
11:31 of 1st period - Off-side.
11:32 of 1st period - Blake Lizotte wins face-off versus Ryan Donato in neutral zone.
11:53 of 1st period - Shot by Blake Lizotte.
11:53 of 1st period - Shot Misses the Net.
12:07 of 1st period - Shot by Blake Lizotte.
12:07 of 1st period - Goal by Blake Lizotte - NEW JERSEY Devils : 0 - CAROLINA Hurricanes : 2.
12:08 of 1st period - Mika Zibanejad wins face-off versus Jack Hughes in neutral zone.
12:18 of 1st period - Icing by Chris Wideman.
12:19 of 1st period - Mika Zibanejad wins face-off versus Jack Hughes in NEW JERSEY Devils zone.
12:32 of 1st period - Shot by Elias Pettersson.
12:32 of 1st period - Stopped by Jake Allen with a rebound.
12:34 of 1st period - Shot by Elias Pettersson.
12:34 of 1st period - Shot Blocked by Chris Wideman.
12:44 of 1st period - Icing by Jack Hughes.
12:45 of 1st period - James van Riemsdyk wins face-off versus Nazem Kadri in NEW JERSEY Devils zone.
12:45 of 1st period - James van Riemsdyk is hit by Brady Tkachuk.
12:58 of 1st period - Ryan Graves is hit by Kris Letang and loses puck.
14:39 of 1st period - Icing by Brandon Montour.
14:40 of 1st period - Mika Zibanejad wins face-off versus Ryan Donato in CAROLINA Hurricanes zone.
14:45 of 1st period - Adam Fox is hit by Ryan Donato and loses puck.
14:50 of 1st period - Ryan Donato is hit by Elias Pettersson and loses puck.
15:17 of 1st period - Shot by Oskar Lindblom.
15:17 of 1st period - Shot Blocked by Niko Mikkola.
16:08 of 1st period - Shot by Travis Konecny.
16:08 of 1st period - Stopped by Jake Allen without a rebound.
16:09 of 1st period - Miles Wood wins face-off versus Evgeny Svechnikov in NEW JERSEY Devils zone.
17:13 of 1st period - Icing by Derek Ryan.
17:14 of 1st period - Derek Ryan wins face-off versus Jack Hughes in CAROLINA Hurricanes zone.
17:33 of 1st period - Shot by Devon Toews.
17:33 of 1st period - Shot Hit the Post.
17:55 of 1st period - Off-side.
17:56 of 1st period - Nazem Kadri wins face-off versus J.T. Compher in neutral zone.
18:01 of 1st period - Shot by Brady Tkachuk.
18:01 of 1st period - Shot Misses the Net.
18:03 of 1st period - Shot by Travis Konecny.
18:03 of 1st period - Stopped by Jake Allen without a rebound.
18:04 of 1st period - Travis Konecny wins face-off versus Ryan Donato in NEW JERSEY Devils zone.
18:22 of 1st period - Off-side.
18:23 of 1st period - Mika Zibanejad wins face-off versus Jack Hughes in neutral zone.
18:38 of 1st period - Shot by William Nylander.
18:38 of 1st period - Stopped by Jake Allen without a rebound.
18:39 of 1st period - J.T. Compher wins face-off versus Blake Lizotte in NEW JERSEY Devils zone.
18:47 of 1st period - David Perron is hit by Bowen Byram and loses puck.
19:16 of 1st period - Shot by Blake Lizotte.
19:16 of 1st period - Shot Misses the Net.
19:48 of 1st period - Shot by Mika Zibanejad.
19:48 of 1st period - Shot Misses the Net.
19:50 of 1st period - Shot by Devon Toews.
19:50 of 1st period - Stopped by Jake Allen with a rebound.
Goals for this period are 0 for NEW JERSEY Devils vs 2 for CAROLINA Hurricanes.
Shots for this period are 3 for NEW JERSEY Devils vs 13 for CAROLINA Hurricanes.

2nd period


0:01 of 2nd period - Mika Zibanejad wins face-off versus Jack Hughes in neutral zone.
0:18 of 2nd period - Shot by Elias Pettersson.
0:18 of 2nd period - Shot Blocked by Ryan Graves.
0:34 of 2nd period - Shot by Elias Pettersson.
0:34 of 2nd period - Shot Misses the Net.
0:36 of 2nd period - Shot by Brandon Montour.
0:36 of 2nd period - Shot Misses the Net.
0:55 of 2nd period - Off-side.
0:56 of 2nd period - Ryan Donato wins face-off versus Nazem Kadri in neutral zone.
0:56 of 2nd period - Ryan Donato is hit by Brady Tkachuk.
1:11 of 2nd period - Joel Armia is hit by Niko Mikkola and loses puck.
1:22 of 2nd period - Shot by Joel Armia.
1:22 of 2nd period - Shot Misses the Net.
1:24 of 2nd period - Shot by Joel Armia.
1:24 of 2nd period - Shot Misses the Net.
1:28 of 2nd period - Shot by Ryan Donato.
1:28 of 2nd period - Shot Blocked by Rasmus Ristolainen.
1:30 of 2nd period - Shot by Oskar Lindblom.
1:30 of 2nd period - Shot Misses the Net.
1:32 of 2nd period - Shot by Oskar Lindblom.
1:32 of 2nd period - Goal by Oskar Lindblom - NEW JERSEY Devils : 1 - CAROLINA Hurricanes : 2.
1:33 of 2nd period - Blake Lizotte wins face-off versus J.T. Compher in neutral zone.
1:39 of 2nd period - Minor Penalty to Filip Forsberg for Holding.
1:40 of 2nd period - Jack Hughes wins face-off versus Mika Zibanejad in CAROLINA Hurricanes zone.
1:40 of 2nd period - Ryan Graves is hit by Adam Fox and loses puck.
1:53 of 2nd period - Shot by Jack Hughes.
1:53 of 2nd period - Shot Misses the Net.
1:55 of 2nd period - Shot by Ryan Graves.
1:55 of 2nd period - Shot Blocked by Devon Toews.
2:11 of 2nd period - Shot by Ryan Graves.
2:11 of 2nd period - Shot Blocked by Elias Pettersson.
2:25 of 2nd period - Shot by Adam Boqvist.
2:25 of 2nd period - Shot Blocked by Devon Toews.
2:29 of 2nd period - Shot by Oskar Lindblom.
2:29 of 2nd period - Stopped by Alexandar Georgiev without a rebound.
2:30 of 2nd period - Oskar Lindblom wins face-off versus Noah Cates in CAROLINA Hurricanes zone.
2:31 of 2nd period - Shot by Adam Boqvist.
2:31 of 2nd period - Shot Misses the Net.
2:33 of 2nd period - Shot by Joel Armia.
2:33 of 2nd period - Goal by Joel Armia - NEW JERSEY Devils : 2 - CAROLINA Hurricanes : 2.
2:34 of 2nd period - Nazem Kadri wins face-off versus J.T. Compher in neutral zone.
4:00 of 2nd period - Shot by Brandon Montour.
4:00 of 2nd period - Stopped by Jake Allen without a rebound.
4:01 of 2nd period - Elias Pettersson wins face-off versus Jack Hughes in NEW JERSEY Devils zone.
4:24 of 2nd period - Shot by Mika Zibanejad.
4:24 of 2nd period - Stopped by Jake Allen without a rebound.
4:25 of 2nd period - Ryan Donato wins face-off versus Travis Konecny in NEW JERSEY Devils zone.
4:34 of 2nd period - Shot by Joel Armia.
4:34 of 2nd period - Shot Misses the Net.
4:36 of 2nd period - Shot by Joel Armia.
4:36 of 2nd period - Shot Blocked by Rasmus Ristolainen.
4:59 of 2nd period - Shot by Adam Boqvist.
4:59 of 2nd period - Stopped by Alexandar Georgiev with a rebound.
5:14 of 2nd period - Minor Penalty to Jack Hughes for Tripping.
5:15 of 2nd period - J.T. Compher wins face-off versus Mika Zibanejad in NEW JERSEY Devils zone.
5:15 of 2nd period - J.T. Compher is hit by Mika Zibanejad.
5:31 of 2nd period - Shot by William Nylander.
5:31 of 2nd period - Shot Misses the Net.
5:33 of 2nd period - Shot by William Nylander.
5:33 of 2nd period - Shot Misses the Net.
5:35 of 2nd period - Shot by Adam Fox.
5:35 of 2nd period - Shot Misses the Net.
5:37 of 2nd period - Shot by Brandon Montour.
5:37 of 2nd period - Shot Misses the Net.
5:39 of 2nd period - Shot by Adam Fox.
5:39 of 2nd period - Shot Misses the Net.
5:41 of 2nd period - Shot by Brandon Montour.
5:41 of 2nd period - Shot Blocked by J.T. Compher.
5:43 of 2nd period - Shot by Mika Zibanejad.
5:43 of 2nd period - Shot Misses the Net.
5:45 of 2nd period - Shot by Brandon Montour.
5:45 of 2nd period - Shot Blocked by J.T. Compher.
5:47 of 2nd period - Shot by Brady Tkachuk.
5:47 of 2nd period - Shot Misses the Net.
5:49 of 2nd period - Shot by Mika Zibanejad.
5:49 of 2nd period - Shot Blocked by Chris Wideman.
6:19 of 2nd period - Shot by Travis Konecny.
6:19 of 2nd period - Shot Misses the Net.
7:37 of 2nd period - Shot by Miles Wood.
7:37 of 2nd period - Stopped by Alexandar Georgiev without a rebound.
7:38 of 2nd period - J.T. Compher wins face-off versus Blake Lizotte in CAROLINA Hurricanes zone.
7:55 of 2nd period - Devon Toews is hit by Andreas Athanasiou and loses puck.
8:13 of 2nd period - Shot by Blake Lizotte.
8:13 of 2nd period - Shot Misses the Net.
8:15 of 2nd period - Shot by David Perron.
8:15 of 2nd period - Deflect By Blake Lizotte.
8:15 of 2nd period - Shot Misses the Net.
9:32 of 2nd period - Shot by Elias Pettersson.
9:32 of 2nd period - Deflect By William Nylander.
9:32 of 2nd period - Goal by William Nylander - NEW JERSEY Devils : 2 - CAROLINA Hurricanes : 3.
9:33 of 2nd period - Nazem Kadri wins face-off versus Ryan Donato in neutral zone.
9:36 of 2nd period - Shot by Brady Tkachuk.
9:36 of 2nd period - Deflect By Nazem Kadri.
9:36 of 2nd period - Shot Misses the Net.
10:05 of 2nd period - Brady Tkachuk is hit by Alexander Petrovic and loses puck.
10:35 of 2nd period - Icing by Kris Letang.
10:36 of 2nd period - Nazem Kadri wins face-off versus Jack Hughes in CAROLINA Hurricanes zone.
10:49 of 2nd period - Shot by Jack Hughes.
10:49 of 2nd period - Shot Misses the Net.
11:20 of 2nd period - Shot by William Nylander.
11:20 of 2nd period - Shot Misses the Net.
11:22 of 2nd period - Shot by William Nylander.
11:22 of 2nd period - Shot Misses the Net.
11:26 of 2nd period - Shot by Mika Zibanejad.
11:26 of 2nd period - Goal by Mika Zibanejad - NEW JERSEY Devils : 2 - CAROLINA Hurricanes : 4.
11:27 of 2nd period - J.T. Compher wins face-off versus Blake Lizotte in neutral zone.
11:54 of 2nd period - Shot by Filip Forsberg.
11:54 of 2nd period - Shot Misses the Net.
13:00 of 2nd period - Icing by Adam Fox.
13:01 of 2nd period - Derek Ryan wins face-off versus Kyle Okposo in CAROLINA Hurricanes zone.
13:01 of 2nd period - Derek Ryan is hit by James van Riemsdyk.
13:04 of 2nd period - Minor Penalty to James van Riemsdyk for Holding.
13:05 of 2nd period - Mika Zibanejad wins face-off versus Jack Hughes in NEW JERSEY Devils zone.
13:06 of 2nd period - Shot by Devon Toews.
13:06 of 2nd period - Shot Misses the Net.
13:08 of 2nd period - Shot by Kris Letang.
13:08 of 2nd period - Stopped by Jake Allen without a rebound.
13:09 of 2nd period - Jack Hughes wins face-off versus Mika Zibanejad in NEW JERSEY Devils zone.
13:26 of 2nd period - Shot by Devon Toews.
13:26 of 2nd period - Goal by Devon Toews - NEW JERSEY Devils : 2 - CAROLINA Hurricanes : 5.
13:26 of 2nd period - Antti Raanta enters game.
13:27 of 2nd period - Joel Armia wins face-off versus Blake Lizotte in neutral zone.
13:45 of 2nd period - Shot by Oskar Lindblom.
13:45 of 2nd period - Shot Misses the Net.
14:18 of 2nd period - Icing by Blake Lizotte.
14:19 of 2nd period - David Perron wins face-off versus Jack Hughes in CAROLINA Hurricanes zone.
14:19 of 2nd period - David Perron is hit by James van Riemsdyk.
14:32 of 2nd period - Icing by Alexander Petrovic.
14:33 of 2nd period - Elias Pettersson wins face-off versus Jack Hughes in NEW JERSEY Devils zone.
14:39 of 2nd period - Elias Pettersson is hit by Alexander Petrovic and loses puck.
14:47 of 2nd period - Icing by Jack Hughes.
14:48 of 2nd period - Nazem Kadri wins face-off versus Jack Hughes in NEW JERSEY Devils zone.
14:49 of 2nd period - Shot by Brady Tkachuk.
14:49 of 2nd period - Shot Blocked by Jack Hughes.
15:20 of 2nd period - Minor Penalty to Nazem Kadri for Tripping.
15:20 of 2nd period - Minor Penalty to Kyle Okposo for Holding.
15:21 of 2nd period - Mika Zibanejad wins face-off versus Jack Hughes in neutral zone.
15:58 of 2nd period - Shot by William Nylander.
15:58 of 2nd period - Stopped by Antti Raanta without a rebound.
15:59 of 2nd period - Mika Zibanejad wins face-off versus Joel Armia in NEW JERSEY Devils zone.
17:19 of 2nd period - Icing by Adam Fox.
17:20 of 2nd period - Miles Wood wins face-off versus Nazem Kadri in CAROLINA Hurricanes zone.
17:20 of 2nd period - Miles Wood is hit by Niko Mikkola.
17:38 of 2nd period - Shot by Travis Konecny.
17:38 of 2nd period - Stopped by Antti Raanta without a rebound.
17:39 of 2nd period - J.T. Compher wins face-off versus Derek Ryan in NEW JERSEY Devils zone.
17:54 of 2nd period - Shot by Noah Cates.
17:54 of 2nd period - Stopped by Antti Raanta with a rebound.
19:08 of 2nd period - Shot by Ryan Donato.
19:08 of 2nd period - Stopped by Alexandar Georgiev without a rebound.
19:09 of 2nd period - Nazem Kadri wins face-off versus Jack Hughes in CAROLINA Hurricanes zone.
19:11 of 2nd period - Icing by Travis Konecny.
19:12 of 2nd period - Nazem Kadri wins face-off versus Jack Hughes in CAROLINA Hurricanes zone.
19:12 of 2nd period - Nazem Kadri is hit by Kyle Okposo.
19:32 of 2nd period - Shot by Travis Konecny.
19:32 of 2nd period - Deflect By Brady Tkachuk.
19:32 of 2nd period - Stopped by Antti Raanta without a rebound.
19:33 of 2nd period - Mika Zibanejad wins face-off versus Ryan Donato in NEW JERSEY Devils zone.
19:33 of 2nd period - Mika Zibanejad is hit by Alexander Petrovic.
19:55 of 2nd period - Minor Penalty to Mika Zibanejad for Slashing.
19:56 of 2nd period - Nazem Kadri wins face-off versus James van Riemsdyk in CAROLINA Hurricanes zone.
Goals for this period are 2 for NEW JERSEY Devils vs 3 for CAROLINA Hurricanes.
Shots for this period are 6 for NEW JERSEY Devils vs 10 for CAROLINA Hurricanes.

3rd period


0:01 of 3rd period - Jack Hughes wins face-off versus Nazem Kadri in neutral zone.
0:28 of 3rd period - Shot by Bowen Byram.
0:28 of 3rd period - Stopped by Alexandar Georgiev without a rebound.
0:29 of 3rd period - Elias Pettersson wins face-off versus Oskar Lindblom in CAROLINA Hurricanes zone.
1:23 of 3rd period - Icing by Ryan Graves.
1:24 of 3rd period - Nazem Kadri wins face-off versus Jack Hughes in NEW JERSEY Devils zone.
1:33 of 3rd period - Shot by Bowen Byram.
1:33 of 3rd period - Deflect By Kyle Okposo.
1:33 of 3rd period - Shot Misses the Net.
1:54 of 3rd period - Icing by Bowen Byram.
1:55 of 3rd period - Miles Wood wins face-off versus Derek Ryan in NEW JERSEY Devils zone.
2:08 of 3rd period - Shot by Connor Brown.
2:08 of 3rd period - Stopped by Alexandar Georgiev with a rebound.
2:10 of 3rd period - Shot by Connor Brown.
2:10 of 3rd period - Shot Blocked by Adam Fox.
2:26 of 3rd period - Shot by Gabriel Landeskog.
2:26 of 3rd period - Stopped by Alexandar Georgiev without a rebound.
2:27 of 3rd period - Nazem Kadri wins face-off versus Jack Hughes in CAROLINA Hurricanes zone.
2:43 of 3rd period - Jack Hughes is hit by Travis Konecny and loses puck.
2:48 of 3rd period - Brady Tkachuk is hit by Jack Hughes and loses puck.
2:57 of 3rd period - Shot by Brady Tkachuk.
2:57 of 3rd period - Stopped by Antti Raanta without a rebound.
2:58 of 3rd period - Mika Zibanejad wins face-off versus J.T. Compher in NEW JERSEY Devils zone.
3:20 of 3rd period - Off-side.
3:21 of 3rd period - Blake Lizotte wins face-off versus Ryan Donato in neutral zone.
3:27 of 3rd period - Off-side.
3:28 of 3rd period - Mika Zibanejad wins face-off versus Jack Hughes in neutral zone.
3:50 of 3rd period - William Nylander is hit by Bowen Byram.
4:36 of 3rd period - Kris Letang is hit by J.T. Compher and loses puck.
4:38 of 3rd period - Minor Penalty to Brady Tkachuk for Slashing.
4:38 of 3rd period - Minor Penalty to J.T. Compher for Cross-checking.
4:39 of 3rd period - Oskar Lindblom wins face-off versus Mika Zibanejad in neutral zone.
4:45 of 3rd period - Joel Armia is hit by Devon Toews and loses puck.
5:07 of 3rd period - Shot by Joel Armia.
5:07 of 3rd period - Stopped by Alexandar Georgiev without a rebound.
5:08 of 3rd period - Jack Hughes wins face-off versus Elias Pettersson in CAROLINA Hurricanes zone.
5:23 of 3rd period - Shot by Jack Hughes.
5:23 of 3rd period - Shot Blocked by Adam Fox.
5:25 of 3rd period - Shot by Kyle Okposo.
5:25 of 3rd period - Shot Blocked by Filip Forsberg.
5:27 of 3rd period - Shot by Jack Hughes.
5:27 of 3rd period - Shot Blocked by Adam Fox.
5:51 of 3rd period - Shot by Andreas Athanasiou.
5:51 of 3rd period - Stopped by Alexandar Georgiev without a rebound.
5:52 of 3rd period - Mika Zibanejad wins face-off versus Andreas Athanasiou in CAROLINA Hurricanes zone.
6:02 of 3rd period - Off-side.
6:03 of 3rd period - Jack Hughes wins face-off versus Mika Zibanejad in neutral zone.
6:14 of 3rd period - Shot by Jack Hughes.
6:14 of 3rd period - Stopped by Alexandar Georgiev without a rebound.
6:15 of 3rd period - William Nylander wins face-off versus Andreas Athanasiou in CAROLINA Hurricanes zone.
7:09 of 3rd period - Brady Tkachuk is hit by Alexander Petrovic and loses puck.
8:08 of 3rd period - Shot by Jack Hughes.
8:08 of 3rd period - Shot Misses the Net.
8:43 of 3rd period - Mika Zibanejad is hit by Ryan Graves and loses puck.
8:47 of 3rd period - William Nylander is hit by Chris Wideman and loses puck.
8:50 of 3rd period - Shot by Mika Zibanejad.
8:50 of 3rd period - Shot Misses the Net.
8:52 of 3rd period - Shot by Niko Mikkola.
8:52 of 3rd period - Stopped by Antti Raanta with a rebound.
8:58 of 3rd period - Shot by Mika Zibanejad.
8:58 of 3rd period - Stopped by Antti Raanta without a rebound.
8:59 of 3rd period - Derek Ryan wins face-off versus J.T. Compher in NEW JERSEY Devils zone.
9:00 of 3rd period - Shot by Noah Cates.
9:00 of 3rd period - Shot Blocked by Bowen Byram.
9:32 of 3rd period - Shot by Noah Cates.
9:32 of 3rd period - Deflect By Derek Ryan.
9:32 of 3rd period - Goal by Derek Ryan - NEW JERSEY Devils : 2 - CAROLINA Hurricanes : 6.
9:33 of 3rd period - Miles Wood wins face-off versus Mika Zibanejad in neutral zone.
9:38 of 3rd period - Icing by Devon Toews.
9:39 of 3rd period - Ryan Donato wins face-off versus Mika Zibanejad in CAROLINA Hurricanes zone.
9:58 of 3rd period - Shot by Elias Pettersson.
9:58 of 3rd period - Deflect By William Nylander.
9:58 of 3rd period - Stopped by Antti Raanta without a rebound.
9:59 of 3rd period - Thomas Novak wins face-off versus Nazem Kadri in NEW JERSEY Devils zone.
10:08 of 3rd period - Icing by Adam Boqvist.
10:09 of 3rd period - Mika Zibanejad wins face-off versus J.T. Compher in NEW JERSEY Devils zone.
10:16 of 3rd period - Shot by Mika Zibanejad.
10:16 of 3rd period - Deflect By Elias Pettersson.
10:16 of 3rd period - Shot Misses the Net.
10:18 of 3rd period - Shot by Brandon Montour.
10:18 of 3rd period - Stopped by Antti Raanta without a rebound.
10:19 of 3rd period - Mika Zibanejad wins face-off versus Jack Hughes in NEW JERSEY Devils zone.
10:22 of 3rd period - Shot by Mika Zibanejad.
10:22 of 3rd period - Stopped by Antti Raanta without a rebound.
10:23 of 3rd period - Mika Zibanejad wins face-off versus Jack Hughes in NEW JERSEY Devils zone.
10:23 of 3rd period - Mika Zibanejad is hit by Adam Boqvist.
10:25 of 3rd period - Shot by Elias Pettersson.
10:25 of 3rd period - Stopped by Antti Raanta without a rebound.
10:26 of 3rd period - Mika Zibanejad wins face-off versus Jack Hughes in NEW JERSEY Devils zone.
11:02 of 3rd period - Shot by Elias Pettersson.
11:02 of 3rd period - Stopped by Antti Raanta without a rebound.
11:03 of 3rd period - J.T. Compher wins face-off versus Brady Tkachuk in NEW JERSEY Devils zone.
11:03 of 3rd period - Andreas Athanasiou is hit by Travis Konecny and loses puck.
11:26 of 3rd period - Shot by Kris Letang.
11:26 of 3rd period - Stopped by Antti Raanta without a rebound.
11:27 of 3rd period - Blake Lizotte wins face-off versus Ryan Donato in NEW JERSEY Devils zone.
11:39 of 3rd period - Ryan Donato is hit by Blake Lizotte and loses puck.
11:52 of 3rd period - Shot by Oskar Lindblom.
11:52 of 3rd period - Stopped by Alexandar Georgiev with a rebound.
12:25 of 3rd period - Jack Hughes is hit by Brandon Montour.
13:29 of 3rd period - Shot by Travis Konecny.
13:29 of 3rd period - Shot Misses the Net.
13:31 of 3rd period - Shot by Devon Toews.
13:31 of 3rd period - Shot Misses the Net.
13:33 of 3rd period - Shot by Kris Letang.
13:33 of 3rd period - Shot Misses the Net.
13:35 of 3rd period - Shot by Kris Letang.
13:35 of 3rd period - Shot Misses the Net.
13:57 of 3rd period - Devon Toews is hit by Andreas Athanasiou and loses puck.
14:40 of 3rd period - Shot by Connor Brown.
14:40 of 3rd period - Shot Misses the Net.
15:15 of 3rd period - Shot by Mika Zibanejad.
15:15 of 3rd period - Stopped by Antti Raanta without a rebound.
15:16 of 3rd period - Oskar Lindblom wins face-off versus Mika Zibanejad in NEW JERSEY Devils zone.
15:16 of 3rd period - Oskar Lindblom is hit by Elias Pettersson.
15:46 of 3rd period - Shot by Elias Pettersson.
15:46 of 3rd period - Shot Blocked by Bowen Byram.
16:16 of 3rd period - Bowen Byram is hit by Blake Lizotte and loses puck.
17:09 of 3rd period - Icing by Devon Toews.
17:10 of 3rd period - J.T. Compher wins face-off versus Blake Lizotte in CAROLINA Hurricanes zone.
17:16 of 3rd period - Off-side.
17:17 of 3rd period - J.T. Compher wins face-off versus Mika Zibanejad in neutral zone.
17:49 of 3rd period - Andreas Athanasiou is hit by Brandon Montour and loses puck.
18:07 of 3rd period - Icing by Brandon Montour.
18:08 of 3rd period - Jack Hughes wins face-off versus Mika Zibanejad in CAROLINA Hurricanes zone.
18:10 of 3rd period - Minor Penalty to Adam Fox for Holding.
18:11 of 3rd period - Mika Zibanejad wins face-off versus James van Riemsdyk in CAROLINA Hurricanes zone.
18:17 of 3rd period - Icing by Ryan Graves.
18:18 of 3rd period - Mika Zibanejad wins face-off versus Jack Hughes in NEW JERSEY Devils zone.
18:41 of 3rd period - Shot by James van Riemsdyk.
18:41 of 3rd period - Shot Misses the Net.
19:25 of 3rd period - Shot by Alexander Petrovic.
19:25 of 3rd period - Stopped by Alexandar Georgiev without a rebound.
19:26 of 3rd period - Noah Cates wins face-off versus Oskar Lindblom in CAROLINA Hurricanes zone.
Goals for this period are 0 for NEW JERSEY Devils vs 1 for CAROLINA Hurricanes.
Shots for this period are 8 for NEW JERSEY Devils vs 11 for CAROLINA Hurricanes. Output by the SimonT Hockey Simulator (STHS) for Martin Benoit - Original Page W3C HTML5 Valid
Hockey Simulator - Hockey Simulation - Hockey Manager